 Dungeon Crawl Stone Soup version 0.22.0-49-gab54619 (webtiles) character file.

26291 Merlin the Fighter (level 13, -7/103 HPs)
             Began as a Gnoll Wanderer on Sept 4, 2018.
             Was an Initiate of Gozag.
             Killed themself with a badly aimed fireball (9 damage)
             ... on level 3 of the Lair of Beasts on Sept 5, 2018.
             The game lasted 01:31:29 (9434 turns).

Merlin the Fighter (Gnoll Wanderer)                 Turns: 9434, Time: 01:31:29

Health: -7/103     AC: 14    Str: 14    XL:     13   Next: 25%
Magic:  0/25       EV: 17    Int: 17    God:    Gozag
Gold:   2632       SH:  6    Dex: 18    Spells: 6/28 levels left

rFire    + . .     SeeInvis .   Z - +4 double sword (slice)
rCold    + . .     Gourm    .   (no shield)
rNeg     + . .     Faith    .   D - +3 ring mail of Dukoscha {rElec MR- Slay+2 Stlth+}
rPois    +         Spirit   +   W - +1 hat of the Barnacle {MR+ Regen+}
rElec    +         Reflect  +   E - scarf {Spirit}
rCorr    .         Harm     .   o - +2 pair of gloves
MR       .....                  (no boots)
Stlth    ++++......             j - +6 amulet of reflection
HPRegen  0.67/turn              O - ring of poison resistance
MPRegen  0.19/turn              M - ring "Botzomi" {rF+ rC+ rN+}

@: about to teleport
A: distributed training, fangs 1, strong nose
a: Potion Petition, Call Merchant, Bribe Branch, Renounce Religion


You were on level 3 of the Lair of Beasts.
You worshipped Gozag.
Gozag was most pleased with you.
You were not hungry.

You visited 2 branches of the dungeon, and saw 13 of its levels.

You collected 2820 gold pieces.
You spent 176 gold pieces at shops.
You paid 12 gold pieces to Gozag.

Inventory:

Hand Weapons
 a - a +5 hand crossbow
 d - a +0 hand axe of chopping
 i - a +0 triple sword
 t - a +1 dagger of freezing
 u - a +5 mace
 G - a +2 hunting sling of velocity
 J - a +2 dagger of electrocution
 S - a +3 spear
 U - a cursed -3 flail
 Z - a +4 double sword of slicing (weapon)
Missiles
 g - 8 curare-tipped needles
 m - 143 arrows
 n - 72 sling bullets
 s - 248 stones
 I - 49 poisoned needles
 N - 3 needles of confusion
 T - a tomahawk of dispersal (quivered)
Armour
 c - a +3 chain mail
 o - a +2 pair of gloves (worn)
 A - a +1 chain mail of magic resistance
 D - the +3 ring mail of Dukoscha (worn) {rElec MR- Slay+2 Stlth+}
   (You found it on level 4 of the Dungeon)

   It affects your accuracy and damage with ranged weapons and melee attacks
   (+2).
   It insulates you from electricity.
   It affects your resistance to hostile enchantments.
   It makes you more stealthy.
 E - a scarf of spirit shield (worn)
 W - the +1 hat of the Barnacle (worn) {MR+ Regen+}
   (You found it on level 8 of the Dungeon)

   It affects your resistance to hostile enchantments.
   It increases your rate of regeneration.
Jewellery
 j - a +6 amulet of reflection (around neck)
 M - the ring "Botzomi" (right hand) {rF+ rC+ rN+}
   (You found it on level 2 of the Lair of Beasts)

   [ring of protection from cold]

   It protects you from fire.
   It protects you from cold.
   It protects you from negative energy.
 O - a ring of poison resistance (left hand)
Wands
 k - a wand of random effects (17)
 F - a wand of acid (11)
 K - a wand of flame (14)
 L - a wand of disintegration (7)
 Q - a wand of polymorph (13)
 V - a wand of paralysis (9)
Scrolls
 b - 4 scrolls of teleportation
 e - 7 scrolls of remove curse
 h - a scroll of fear
 l - a scroll of magic mapping {unknown}
 q - a scroll of acquirement {unknown}
 r - a scroll of fog {unknown}
 v - 8 scrolls of amnesia
 w - a scroll of random uselessness {unknown}
 x - 3 scrolls of identify
 y - 3 scrolls of immolation
 H - a scroll of holy word {unknown}
 X - a scroll of enchant armour
Potions
 p - 2 potions of flight {unknown}
 z - a potion of brilliance
 B - 2 potions of curing {unknown}
 C - 3 potions of degeneration {unknown}
 P - a potion of cancellation {unknown}
 R - a potion of agility {unknown}
 Y - a potion of resistance {unknown}
Comestibles
 f - 17 rations


   Skills:
 + Level 10.3 Fighting
 + Level 8.4 Short Blades
 + Level 8.0 Long Blades
 + Level 8.0 Axes
 + Level 8.0 Maces & Flails
 + Level 8.0 Polearms
 + Level 9.2 Staves
 + Level 8.0 Slings
 + Level 8.0 Bows
 + Level 8.0 Crossbows
 + Level 8.0 Throwing
 + Level 8.0 Armour
 + Level 9.2 Dodging
 + Level 8.0 Stealth
 + Level 9.2 Shields
 + Level 8.0 Unarmed Combat
 + Level 8.0 Spellcasting
 + Level 6.6 Conjurations
 + Level 6.6 Hexes
 + Level 6.6 Charms
 + Level 6.6 Summonings
 + Level 6.6 Necromancy
 + Level 6.6 Translocations
 + Level 6.6 Transmutations
 + Level 6.6 Fire Magic
 + Level 6.6 Ice Magic
 + Level 6.6 Air Magic
 + Level 6.6 Earth Magic
 + Level 6.6 Poison Magic
 + Level 8.7 Invocations
 + Level 8.0 Evocations


You had 6 spell levels left.
You knew the following spells:

 Your Spells              Type           Power        Failure   Level  Hunger
a - Gell's Gravitas       Tloc           ####......   3%          3    #......
b - Confuse               Hex            ####....     3%          3    #......
c - Animate Skeleton      Necr           N/A          1%          1    None
d - Summon Small Mammal   Summ           ####         1%          1    None
e - Mephitic Cloud        Conj/Pois/Air  ####....     3%          3    #......
f - Conjure Flame         Conj/Fire      ####....     3%          3    #......
g - Petrify               Tmut/Erth      ####....     12%         4    ###....
h - Olgreb's Toxic Radia  Pois           ####....     12%         4    ###....

Your spell library contained the following spells:

 Spells                   Type           Power        Failure   Level  Hunger
 Apportation              Tloc           ####..       1%          1    None
 Confusing Touch          Hex            ####..       1%          1    None
 Sting                    Conj/Pois      ####         1%          1    None
 Poisonous Vapours        Pois/Air       ####..       1%          2    None
 Metabolic Englaciation   Hex/Ice        ####......   34%         5    #####..
 Venom Bolt               Conj/Pois      ####......   34%         5    #####..
 Yara's Violent Unravell  Hex/Tmut       ####......   34%         5    #####..
 Freezing Cloud           Conj/Ice/Air   ####......   88%         6    ######.
 Ring of Flames           Chrm/Fire      ####......   100%        7    #######


Dungeon Overview and Level Annotations

Branches:
Dungeon (9/15)             Temple (0/1) D:7            Lair (4/6) D:9
 Spider (0/4) Lair:3
  Swamp: Lair:2-4    Shoals: Lair:2-4       Orc: D:9-12

Altars:
Cheibriados
Dithmenos
Elyvilon
Fedhas
Gozag
Nemelex Xobeh
Okawaru
Qazlal
Vehumet
Wu Jian
Yredelemnul
Zin

Shops:
D:5 [

Annotations:
D:5 Armour shop with Steam Dragon Armour
Lair:1 3 runed doors, Nilihum's ghost, journeyman GnWz
Lair:2 1 runed door, Maniyck's ghost, novice TrFi
Lair:3 Rupert; ubloh's ghost, journeyman FoFi
Lair:4 Nessos


Innate Abilities, Weirdness & Mutations

Your experience applies equally to all skills.
You have very sharp teeth.
Your uncanny sense of smell can sniff out nearby items.


Message History

Rupert hits you with a battleaxe of chopping!!
* * * LOW HITPOINT WARNING * * *
x2 Nessos shouts!
There is a stone staircase leading up, spattered with blood here.
Rupert looks more healthy.
You block Rupert's attack.
You climb upwards.
Level annotation: ubloh's ghost, journeyman FoFi
There is a stone staircase leading down here.
As you read the scroll of teleportation, it crumbles to dust.
You feel strangely unstable.
Rupert hits you with a battleaxe of chopping!!
* * * LOW HITPOINT WARNING * * *
x2
Aiming: Random Effects
Press: ? - help, Shift-Dir - straight line, f - Rupert
Aim: Rupert, wielding a battleaxe of chopping and wearing a runed ring mail The fireball explodes!
The fireball engulfs Rupert.
Rupert is moderately wounded.
The fireball engulfs you! You resist.
You die...
Your body crumbles into a pile of gold.

..# #......... ##..P##.... .####
#..........P##...#..#.≈ ....#
##...........##...##.#≈. ....#
#.....####..# #... ##P ....#
#P....# ##..##P......... .PP.#
##.#..###............... .#..####
#....#...#..##..###.... .##.##.#
#.#.........# #.P......
.##.##.####.#...@@....# #........
.........<#.#.........###.#......
..........................#......
.................................
......##.####.........#.###......
.#P##.#### #.........#### #......
.###### #P##.##.### ##.##.# ## ##
###### ######


You could see Rupert (berserk).

Vanquished Creatures
  The ghost of execc the Spear-Bearer, a journeyman OpBe of Trog (Lair:3)
  A dire elephant (Lair:2)
  A hydra (Lair:1)
  A catoblepas (Lair:3)
  Urug (Lair:1)
  Pikel (D:5)
  A wolf spider (Lair:3)
  15 elephants (Lair:2)
  A black mamba (Lair:3)
  6 spiny frogs
  2 rime drakes (Lair:1)
  7 komodo dragons
  A troll (D:9)
  16 blink frogs
  4 hippogriffs
  A shadow (D:9)
  2 spriggans
  2 redbacks (Lair:3)
  2 basilisks
  10 yaks
  A steam dragon (Lair:1)
  5 porcupines
  2 water moccasins (Lair:4)
  An ice beast (D:9)
  A sky beast (D:5)
  2 black bears (D:8)
  2 phantoms
  16 wolves
  3 ogres
  3 centaurs (Lair:4)
  7 crocodiles
  12 bullfrogs
  A scorpion (D:4)
  A water moccasin skeleton (D:5)
  6 killer bees (D:9)
  3 wights (D:8)
  2 electric eels (Lair:3)
  3 hounds
  2 jellies
  2 quasits
  2 bullfrog zombies
  4 orc priests
  2 bullfrog skeletons
  A centaur skeleton (D:7)
  8 orc wizards
  2 iguanas
  Natasha (thrice) (D:4)
  4 worker ants
  A killer bee zombie (D:6)
  17 adders
  3 oozes
  2 adder skeletons
  3 worms
  A dart slug (D:1)
  4 leopard geckos
  17 orcs
  A ball python (D:4)
  4 giant cockroaches
  8 goblins
  4 hobgoblins
  8 jackals
  A quokka (D:4)
  A ball python skeleton (D:4)
  8 bats
  6 frilled lizards
  A jackal zombie (D:2)
  3 kobolds
  10 rats
280 creatures vanquished.

Vanquished Creatures (others)
  A leopard gecko (D:5)
  53 fungi
  17 plants
  5 withered plants (Lair:3)
76 creatures vanquished.

Grand Total: 356 creatures vanquished

Notes
Turn   | Place    | Note
-------+----------+-------------------------------------------
     0 | D:1      | Merlin the Gnoll Wanderer began the quest for the Orb.
     0 | D:1      | Merlin set off with: a +2 quarterstaff, a scroll of
                  | teleportation, a +0 short sword, a +0 robe, a ration
     0 | D:1      | Reached XP level 1. HP: 23/23 MP: 1/1
   257 | D:1      | Reached XP level 2. HP: 24/29 MP: 2/2
   691 | D:1      | Reached XP level 3. HP: 35/35 MP: 3/3
   717 | D:1      | You fall through a shaft!
   776 | D:2      | Reached skill level 1 in Invocations
   780 | D:2      | Reached skill level 1 in Long Blades
   780 | D:2      | Reached skill level 1 in Axes
   780 | D:2      | Reached skill level 1 in Maces & Flails
   780 | D:2      | Reached skill level 1 in Polearms
   780 | D:2      | Reached skill level 1 in Slings
   780 | D:2      | Reached skill level 1 in Bows
   780 | D:2      | Reached skill level 1 in Crossbows
   780 | D:2      | Reached skill level 1 in Throwing
   780 | D:2      | Reached skill level 1 in Armour
   780 | D:2      | Reached skill level 1 in Stealth
   780 | D:2      | Reached skill level 1 in Unarmed Combat
   780 | D:2      | Reached skill level 1 in Spellcasting
   780 | D:2      | Reached skill level 1 in Evocations
   780 | D:2      | Reached XP level 4. HP: 32/41 MP: 5/5
   785 | D:2      | Found an iron altar of Okawaru.
   941 | D:2      | Found a glowing silver altar of Zin.
  1041 | D:2      | Reached skill level 1 in Conjurations
  1041 | D:2      | Reached skill level 1 in Hexes
  1041 | D:2      | Reached skill level 1 in Charms
  1041 | D:2      | Reached skill level 1 in Summonings
  1041 | D:2      | Reached skill level 1 in Necromancy
  1041 | D:2      | Reached skill level 1 in Translocations
  1041 | D:2      | Reached skill level 1 in Transmutations
  1041 | D:2      | Reached skill level 1 in Fire Magic
  1041 | D:2      | Reached skill level 1 in Ice Magic
  1041 | D:2      | Reached skill level 1 in Air Magic
  1041 | D:2      | Reached skill level 1 in Earth Magic
  1041 | D:2      | Reached skill level 1 in Poison Magic
  1117 | D:2      | Found an opulent altar of Gozag.
  1141 | D:2      | Became a worshipper of Gozag Ym Sagoz the Greedy
  1374 | D:3      | You fall through a shaft for 2 floors!
  1374 | D:5      | Entered Level 5 of the Dungeon
  1374 | D:5      | Noticed an ogre
  1385 | D:5      | Killed an ogre
  1385 | D:5      | Reached XP level 5. HP: 33/47 MP: 5/7
  1418 | D:5      | Found an ornate altar of the Wu Jian Council.
  1461 | D:4      | Reached XP level 6. HP: 19/53 MP: 8/8
  1507 | D:4      | Noticed a phantom
  1518 | D:4      | Killed a phantom
  1518 | D:4      | Reached skill level 5 in Staves
  1518 | D:4      | Reached skill level 5 in Dodging
  1518 | D:4      | Reached skill level 5 in Shields
  2049 | D:3      | Found an opulent altar of Gozag.
  2152 | D:3      | Found a white marble altar of Elyvilon.
  2254 | D:4      | Reached XP level 7. HP: 59/59 MP: 10/10
  2279 | D:4      | Noticed Natasha
  2284 | D:4      | Killed Natasha
  2330 | D:4      | Found a blossoming altar of Fedhas.
  2332 | D:4      | Found a radiant altar of Vehumet.
  2376 | D:4      | Noticed Natasha
  2389 | D:4      | Killed Natasha
  2413 | D:4      | Noticed Natasha
  2419 | D:4      | Killed Natasha
  2446 | D:4      | Got a jasper-encrusted ring mail
  2457 | D:4      | Identified the +3 ring mail of Dukoscha {rElec MR- Slay+2
                  | Stlth+} (You found it on level 4 of the Dungeon)
  2500 | D:4      | Reached skill level 7 in Fighting
  2634 | D:5      | Found Koweiw's Antique Armour Shop.
  2663 | D:5      | Bought an embroidered scarf for 176 gold pieces
  2784 | D:5      | Noticed Pikel
  2826 | D:5      | Killed Pikel
  2826 | D:5      | Reached XP level 8. HP: 35/67 MP: 7/12
  3012 | D:5      | Learned a level 3 spell: Gell's Gravitas
  3016 | D:5      | Learned a level 3 spell: Confuse
  3018 | D:5      | Learned a level 1 spell: Confusing Touch
  3026 | D:5      | Found a basalt altar of Yredelemnul.
  3780 | D:7      | Reached XP level 9. HP: 56/72 MP: 9/14
  3902 | D:7      | Found a staircase to the Ecumenical Temple.
  3938 | D:7      | Found a sparkling altar of Nemelex Xobeh.
  4318 | D:8      | Reached skill level 5 in Short Blades
  4527 | D:8      | Found a shadowy altar of Dithmenos.
  4608 | D:8      | Got a translucent hat
  4614 | D:8      | Identified the +1 hat of the Barnacle {MR+ Regen+} (You
                  | found it on level 8 of the Dungeon)
  4922 | D:9      | Reached skill level 8 in Fighting
  5011 | D:9      | Reached skill level 5 in Invocations
  5159 | D:9      | Found a snail-covered altar of Cheibriados.
  5174 | D:9      | Reached XP level 10. HP: 80/80 MP: 15/17
  5422 | D:9      | Found a staircase to the Lair.
  5475 | Lair:1   | Entered Level 1 of the Lair of Beasts
  5503 | Lair:1   | Reached skill level 5 in Long Blades
  5503 | Lair:1   | Reached skill level 5 in Axes
  5503 | Lair:1   | Reached skill level 5 in Maces & Flails
  5503 | Lair:1   | Reached skill level 5 in Polearms
  5503 | Lair:1   | Reached skill level 5 in Slings
  5503 | Lair:1   | Reached skill level 5 in Bows
  5503 | Lair:1   | Reached skill level 5 in Crossbows
  5503 | Lair:1   | Reached skill level 5 in Throwing
  5503 | Lair:1   | Reached skill level 5 in Armour
  5503 | Lair:1   | Reached skill level 5 in Stealth
  5503 | Lair:1   | Reached skill level 5 in Unarmed Combat
  5503 | Lair:1   | Reached skill level 5 in Spellcasting
  5503 | Lair:1   | Reached skill level 5 in Evocations
  5647 | Lair:1   | Learned a level 1 spell: Animate Skeleton
  5649 | Lair:1   | Learned a level 1 spell: Summon Small Mammal
  5710 | Lair:1   | Learned a level 3 spell: Mephitic Cloud
  5840 | Lair:1   | Noticed a spiny frog
  5886 | Lair:1   | Killed a spiny frog
  5942 | Lair:1   | Noticed Urug
  5965 | Lair:1   | Killed Urug
  5965 | Lair:1   | Reached XP level 11. HP: 55/87 MP: 3/19
  6159 | Lair:1   | Reached skill level 9 in Fighting
  6243 | Lair:1   | Found a runed gate.
  6243 | Lair:1   | Found a runed gate.
  6243 | Lair:1   | Found a runed gate.
  6243 | Lair:1   | Noticed Nilihum's ghost (journeyman GnWz)
  6270 | Lair:1   | Reached skill level 5 in Conjurations
  6270 | Lair:1   | Reached skill level 5 in Hexes
  6270 | Lair:1   | Reached skill level 5 in Charms
  6270 | Lair:1   | Reached skill level 5 in Summonings
  6270 | Lair:1   | Reached skill level 5 in Necromancy
  6270 | Lair:1   | Reached skill level 5 in Translocations
  6270 | Lair:1   | Reached skill level 5 in Transmutations
  6270 | Lair:1   | Reached skill level 5 in Fire Magic
  6270 | Lair:1   | Reached skill level 5 in Ice Magic
  6270 | Lair:1   | Reached skill level 5 in Air Magic
  6270 | Lair:1   | Reached skill level 5 in Earth Magic
  6270 | Lair:1   | Reached skill level 5 in Poison Magic
  6372 | Lair:1   | Noticed a six-headed hydra
  6387 | Lair:1   | Killed a seven-headed hydra
  6757 | Lair:2   | Found a runed door.
  6773 | Lair:2   | Noticed Maniyck's ghost (novice TrFi)
  6975 | Lair:2   | Identified the ring "Botzomi" {rF+ rC+ rN+} (You found it
                  | on level 2 of the Lair of Beasts)
  7103 | Lair:2   | Reached XP level 12. HP: 81/96 MP: 19/22
  7108 | Lair:2   | Learned a level 3 spell: Conjure Flame
  7113 | Lair:2   | Learned a level 4 spell: Petrify
  7208 | Lair:2   | Noticed a dire elephant
  7257 | Lair:2   | Killed a dire elephant
  8179 | Lair:3   | Found a stormy altar of Qazlal.
  8243 | Lair:3   | Reached skill level 10 in Fighting
  8289 | Lair:3   | Found a runed gate.
  8290 | Lair:3   | Found a runed gate.
  8291 | Lair:3   | Found a runed gate.
  8292 | Lair:3   | Noticed execc's ghost (journeyman OpBe)
  8292 | Lair:3   | Noticed ubloh's ghost (journeyman FoFi)
  8367 | Lair:3   | Noticed a catoblepas
  8387 | Lair:3   | Killed a catoblepas
  8497 | Lair:3   | Reached XP level 13. HP: 57/103 MP: 11/24
  8838 | Lair:3   | Killed execc's ghost
  8919 | Lair:3   | Found a hole to the Spider Nest.
  9020 | Lair:4   | Learned a level 4 spell: Olgreb's Toxic Radiance
  9022 | Lair:4   | Noticed Rupert
  9421 | Lair:4   | Noticed Nessos
  9433 | Lair:3   | HP: 5/103 [Rupert/battleaxe of chopping (19)]
  9433 | Lair:3   | HP: 2/103 [Rupert/battleaxe of chopping (3)]
  9434 | Lair:3   | Killed themself with a badly aimed fireball

Skill      XL: |  1  2  3  4  5  6  7  8  9 10 11 12 13 |
---------------+----------------------------------------+-----
Invocations    | 1 2 3 4 5 6 7 8 |  8.7
Long Blades    | 1 2 3 4 5 6 7 8 |  8.0
Axes           | 1 2 3 4 5 6 7 8 |  8.0
Maces & Flails | 1 2 3 4 5 6 7 8 |  8.0
Polearms       | 1 2 3 4 5 6 7 8 |  8.0
Slings         | 1 2 3 4 5 6 7 8 |  8.0
Bows           | 1 2 3 4 5 6 7 8 |  8.0
Crossbows      | 1 2 3 4 5 6 7 8 |  8.0
Throwing       | 1 2 3 4 5 6 7 8 |  8.0
Armour         | 1 2 3 4 5 6 7 8 |  8.0
Stealth        | 1 2 3 4 5 6 7 8 |  8.0
Unarmed Combat | 1 2 3 4 5 6 7 8 |  8.0
Spellcasting   | 1 2 3 4 5 6 7 8 |  8.0
Evocations     | 1 2 3 4 5 6 7 8 |  8.0
Conjurations   | 1 2 3 4 5 6 |  6.6
Hexes          | 1 2 3 4 5 6 |  6.6
Charms         | 1 2 3 4 5 6 |  6.6
Summonings     | 1 2 3 4 5 6 |  6.6
Necromancy     | 1 2 3 4 5 6 |  6.6
Translocations | 1 2 3 4 5 6 |  6.6
Transmutations | 1 2 3 4 5 6 |  6.6
Fire Magic     | 1 2 3 4 5 6 |  6.6
Ice Magic      | 1 2 3 4 5 6 |  6.6
Air Magic      | 1 2 3 4 5 6 |  6.6
Earth Magic    | 1 2 3 4 5 6 |  6.6
Poison Magic   | 1 2 3 4 5 6 |  6.6
Short Blades   | 3 4 5 6 7 8 |  8.4
Staves         | 5 6 7 8 9 |  9.2
Dodging        | 5 6 7 8 9 |  9.2
Shields        | 5 6 7 8 9 |  9.2
Fighting       | 7 8 9 10 | 10.3

Action                   |  1- 3 |  4- 6 |  7- 9 | 10-12 | 13-15 || total
-------------------------+-------+-------+-------+-------+-------++-------
Melee: Quarterstaff      |    65 |     3 |       |       |       ||    68
       Bite              |     2 |    14 |    34 |    72 |    15 ||   137
       Mace              |       |   125 |   303 |     5 |       ||   433
       Punch             |       |       |     6 |    31 |     4 ||    41
       Double sword      |       |       |       |   499 |    97 ||   596
Throw: Tomahawk          |       |       |       |     1 |       ||     1
       Stone             |       |       |       |       |     2 ||     2
 Cast: Gell's Gravitas   |       |       |     4 |     6 |       ||    10
       Confuse           |       |       |     2 |     7 |     2 ||    11
       Mephitic Cloud    |       |       |       |     1 |     2 ||     3
       Summon Small Mamm |       |       |       |     1 |       ||     1
       Olgreb's Toxic Ra |       |       |       |       |     1 ||     1
Invok: Potion Petition   |       |     1 |       |       |       ||     1
Evoke: Wand              |       |       |     8 |    26 |     1 ||    35
  Use: Scroll            |     1 |     4 |     7 |     6 |     4 ||    22
       Potion            |       |     1 |     1 |     2 |       ||     4
 Stab: Sleeping          |     2 |     3 |     5 |     6 |       ||    16
       Distracted        |       |       |     3 |     4 |       ||     7
       Confused          |       |       |       |     2 |       ||     2
       Petrified         |       |       |       |     4 |       ||     4
  Eat: Chunk             |       |     1 |       |     1 |       ||     2
       Ration            |       |     1 |     3 |     4 |     1 ||     9
Armor: Robe              |     9 |       |       |       |       ||     9
       Leather armour    |     9 |    41 |     5 |       |       ||    55
       Ring mail         |       |       |   117 |   219 |    23 ||   359
Dodge: Dodged            |    48 |   107 |   246 |   470 |    86 ||   957
Block: Other             |       |    18 |    99 |   172 |    30 ||   319
       Reflection        |       |       |     1 |       |     2 ||     3
       Rpst.: Double sword |       |       |       |   135 |    25 ||   160
